AoeStats
← Fighter

Fortress

509663324Analyzed
4v4 RM · 4d ago on Sep 27, 2026· 49m 10s· 8 players
Game mode
Random Map
Map size
Huge
Population
200
Speed
Normal
Resources
Standard
Victory
Conquest
Starting age
Dark Age
Ending age
Imperial Age
RankedLock teamsTeams togetherTeam positionsShared explorationLock speedFull tech treeHidden civsTurbo modeCheats
Victory
Defeat
🇹🇷 Spanish · Türkiye
1098
+15
🇺🇸 Mongols · United States
1072
+16
🇮🇳 Teutons · India
1071
+16
🇷🇺 Franks · Russia
1065
+17
🇭🇰 Saxons · Hong Kong SAR China
1151
-19
🇬🇧 Wu · United Kingdom
1101
-17
🇹🇼 Goths · Taiwan
1030
-14
🇩🇪 Bulgarians · Germany
1026
-14
DarkIce4999
7:39 Feudal Age
11:45 Castle Age
10:01 Double-Bit Axe
10:26 Horse Collar
19:01 Wheelbarrow
18:56 Gold Mining
19:44 Bow Saw
22:00 Heavy Plow
22:37 Loom
26:55 Imperial Age
24:55 Hand Cart
24:51 Stone Mining
25:15 Scale Barding Armor
25:21 Forging
25:12 Padded Archer Armor
26:24 Chain Barding Armor
27:30 Iron Casting
27:17 Elite Conquistador
27:21 Capped Ram
28:13 Bloodlines
28:25 Light Cavalry
29:05 Husbandry
30:17 Two-Man Saw
29:54 Leather Archer Armor
31:17 Hussar
31:49 Siege Ram
36:31 Conscription
36:49 Plate Barding Armor
37:14 Blast Furnace
36:45 Ring Archer Armor
NoLawsClaws
5:27 Loom
7:12 Feudal Age
8:20 Double-Bit Axe
10:36 Horse Collar
10:48 Gold Mining
10:49 Stone Mining
17:21 Castle Age
21:17 Forging
21:12 Scale Barding Armor
22:12 Bloodlines
22:03 Husbandry
24:11 Heavy Plow
27:07 Caravan
27:37 Coinage
32:02 Imperial Age
30:14 Wheelbarrow
33:28 Iron Casting
33:13 Chain Barding Armor
32:35 Elite Steppe Lancer
35:17 Gold Shaft Mining
35:24 Stone Shaft Mining
37:42 Banking
38:37 Conscription
39:20 Blast Furnace
38:11 Fletching
40:03 Ballistics
39:39 Murder Holes
40:45 Chemistry
49:28 Bodkin Arrow
49:57 Fortified Wall
49:53 Siege Engineers
Sairax
7:25 Feudal Age
7:54 Feudal Age
10:06 Double-Bit Axe
12:23 Castle Age
10:26 Gold Mining
11:35 Stone Mining
15:45 Loom
16:45 Wheelbarrow
21:21 Gambesons
21:22 Arson
21:38 Squires
23:20 Forging
23:11 Scale Mail Armor
26:47 Imperial Age
25:57 Iron Casting
25:27 Scale Barding Armor
25:39 Chain Mail Armor
25:28 Husbandry
26:01 Scale Barding Armor
27:43 Cavalier
32:09 Conscription
35:56 Hand Cart
35:28 Town Watch
37:22 Blast Furnace
36:58 Plate Mail Armor
36:49 Chain Barding Armor
38:36 Bow Saw
38:11 Paladin
40:06 Caravan
41:05 Chivalry
42:03 Plate Barding Armor
divyam_10
7:15 Feudal Age
5:31 Loom
12:55 Castle Age
11:02 Horse Collar
11:23 Double-Bit Axe
14:41 Bow Saw
14:33 Heavy Plow
19:31 Forging
19:22 Scale Mail Armor
20:36 Gold Mining
20:39 Stone Mining
22:17 Iron Casting
23:27 Wheelbarrow
22:38 Town Watch
23:36 Masonry
23:53 Gambesons
24:09 Squires
23:55 Arson
25:12 Fortified Wall
28:08 Imperial Age
26:02 Scale Mail Armor
25:53 Fletching
28:56 Chain Mail Armor
32:01 Blast Furnace
31:32 Plate Mail Armor
34:05 Elite Teutonic Knight
35:06 Conscription
35:23 Hoardings
曠曠曠曠曠曠工
8:09 Feudal Age
12:24 Castle Age
10:17 Double-Bit Axe
11:45 Horse Collar
12:31 Fletching
14:36 Bow Saw
15:19 Arson
15:37 Squires
16:04 Gold Mining
17:41 Loom
18:01 Padded Archer Armor
18:05 Bodkin Arrow
18:38 Town Watch
19:44 Wheelbarrow
22:07 Heavy Plow
24:40 Stone Mining
25:40 Ballistics
27:23 Red Cliffs Tactics
28:04 Padded Archer Armor
28:27 Treadmill Crane
32:04 Hand Cart
34:25 Scale Mail Armor
34:40 Leather Archer Armor
35:50 Crossbowman
37:26 Gold Shaft Mining
37:27 Stone Shaft Mining
37:10 Forging
36:51 Elite Skirmisher
37:34 Pikeman
41:40 Chain Mail Armor
Fighter
0:58 Loom
7:43 Feudal Age
8:40 Feudal Age
10:46 Wheelbarrow
9:53 Horse Collar
10:00 Double-Bit Axe
13:30 Castle Age
12:26 Forging
13:09 Stone Mining
13:12 Gold Mining
15:33 Heavy Plow
16:23 Bow Saw
21:14 Stone Shaft Mining
21:42 Iron Casting
22:26 Hand Cart
21:59 Town Watch
22:53 Scale Barding Armor
22:39 Fletching
23:49 Bodkin Arrow
25:33 Gold Shaft Mining
29:32 Imperial Age
27:23 Stirrups
29:24 Chain Barding Armor
31:14 Blast Furnace
30:50 Plate Barding Armor
30:37 Conscription
30:41 Bloodlines
30:31 Husbandry
31:59 Padded Archer Armor
32:00 Bracer
32:53 Crop Rotation
32:56 Parthian Tactics
31:52 Heavy Cavalry Archer
32:47 Thumb Ring
33:17 Leather Archer Armor
33:15 Murder Holes
34:22 Chemistry
34:08 Ballistics
36:27 Elite Konnik
40:31 Pikeman
41:11 Squires
40:54 Light Cavalry
41:38 Scale Mail Armor
41:05 Halberdier
北賢龍
2:12 Loom
7:22 Feudal Age
8:13 Double-Bit Axe
11:22 Castle Age
9:09 Horse Collar
13:00 Bow Saw
16:42 Heavy Plow
18:16 Gold Mining
20:55 Wheelbarrow
25:16 Imperial Age
22:35 Pikeman
23:54 Squires
25:32 Hand Cart
25:47 Scale Mail Armor
26:00 Forging
26:39 Conscription
27:46 Chain Mail Armor
28:35 Halberdier
29:55 Iron Casting
31:38 Fletching
31:34 Town Watch
32:26 Man-at-Arms
34:08 Blast Furnace
32:57 Long Swordsman
33:28 Two-Handed Swordsman
伐伐伐伐伐木工
7:28 Feudal Age
8:43 Double-Bit Axe
8:41 Horse Collar
11:32 Castle Age
12:26 Wheelbarrow
12:39 Bow Saw
14:44 Loom
17:33 Squires
20:17 Hand Cart
19:48 Treadmill Crane
26:52 Imperial Age
25:04 Scale Mail Armor
25:15 Forging
25:14 Gold Mining
25:14 Stone Mining
25:19 Town Watch
26:57 Chain Mail Armor
26:53 Forging
27:26 Ballistics
27:55 Conscription
27:15 Elite Hearth Troop
28:55 Plate Mail Armor
29:00 Iron Casting
28:36 Arson
30:08 Masonry
31:53 Architecture
32:38 Two-Man Saw
32:14 Iron Casting
31:30 Fletching
32:06 Fortified Wall
33:01 Bodkin Arrow
33:07 Padded Archer Armor
36:33 Hoardings
35:50 Elite Skirmisher
39:19 Bracer
39:30 Pikeman
40:10 Halberdier
Connection lost

Rejoining the realm…

Still unreachable

The connection could not be restored.

Session expired

The server has moved on; the page needs a fresh start.